General information
			
			
        
        - name: Skycity
 
        - type: Ladder 1vs1/FFA
 
        - host: Iceberg-Slim
 
        - saver: timg4strOK
 
        
map: aps\Download\Doodads SV 1.06 
        - players: 3
 
        - length: 09:32
 
        - speed: Fast
 - version: 1.22 W3XP
 - replay type:  

 
» download(42 KB)
Players
        team 1 (loser) 
              
              
greedoFthenoob (
pink | 81 APM | 775 actions | 09:32)
              
 2 Archmage 
 1 Summon Water Elemental
 1 Brilliance Aura
 
                » actions 
                
                | Assign group hotkey | 18 |  | 
| Basic commands | 29 |  | 
| Build / train | 39 |  | 
| ESC pressed | 11 |  | 
| Enter build submenu | 29 |  | 
| Enter hero's abilities submenu | 2 |  | 
| Right click | 347 |  | 
| Select / deselect | 221 |  | 
| Select group hotkey | 17 |  | 
| Use ability | 62 |  | 
                775 total
 » units 
                » upgrades
                » buildings
                
                | Altar of Kings | 1 |  | 
| Farm | 7 |  | 
| Barracks | 1 |  | 
| Lumber Mill | 1 |  | 
| Scout Tower | 16 |  | 
| Guard Tower | 4 |  | 
                30 total
 » build order
                00:07 Altar of Kings
00:15 Farm
00:20 Barracks
00:50 Farm
00:53 Farm
01:37 Farm
03:17 Farm
04:45 Lumber Mill
05:40 Farm
05:54 Farm
06:15 Scout Tower
06:17 Scout Tower
06:18 Scout Tower
06:19 Scout Tower
06:21 Scout Tower
06:42 Scout Tower
06:57 Guard Tower
07:45 Scout Tower
07:46 Scout Tower
07:47 Scout Tower
07:57 Guard Tower
08:13 Guard Tower
08:20 Scout Tower
08:37 Guard Tower
08:55 Scout Tower
08:56 Scout Tower
08:57 Scout Tower
08:57 Scout Tower
08:58 Scout Tower
08:59 Scout Tower
» items
                
                | Boots of Speed | 1 |  | 
| Dust of Appearance | 1 |  | 
                2 total
  
               team 2 (winner) 
              
              
timg4strOK (
gray | 159 APM | 1522 actions | 09:33)
              
 4 Keeper of the Grove 
 2 Entangling Roots
 2 Thorns Aura
 
                » actions 
                
                | Assign group hotkey | 18 |  | 
| Basic commands | 37 |  | 
| Build / train | 39 |  | 
| ESC pressed | 1 |  | 
| Enter build submenu | 11 |  | 
| Enter hero's abilities submenu | 4 |  | 
| Right click | 816 |  | 
| Select / deselect | 153 |  | 
| Select group hotkey | 401 |  | 
| Use ability | 42 |  | 
                1522 total
 » units 
                
                | Wisp | 19 |  | 
| Archer | 7 |  | 
| Huntress | 3 |  | 
| Dryad | 2 |  | 
                31 total
 » buildings
                
                | Altar of Elders | 1 |  | 
| Moon Well | 4 |  | 
| Ancient of War | 1 |  | 
| Tree of Ages | 1 |  | 
| Hunter's Hall | 1 |  | 
| Ancient of Lore | 3 |  | 
| Ancient of Wonders | 1 |  | 
                12 total
 » build order
                00:06 Altar of Elders
00:19 Moon Well
00:42 Ancient of War
01:38 Moon Well
02:57 Tree of Ages
03:51 Moon Well
04:32 Hunter's Hall
05:30 Moon Well
05:38 Ancient of Lore
05:39 Ancient of Lore
05:54 Ancient of Wonders
06:45 Ancient of Lore
» items
                
                | Boots of Speed | 1 |  | 
| Moonstone | 1 |  | 
                2 total
  
               observersIceberg-Slim Chat log
          (00:12 / All) timg4strOK: good luck dont suck.
(00:36 / All) greedoFthenoob: luck who needs luck when you have certain thing
(09:30 / All) greedoFthenoob: gg
(09:31 / All) greedoFthenoob: again